 Dungeon Crawl Stone Soup version 0.27.1-4-g1640c2035a (webtiles) character file.

Game seed: 12847376995141632087

49 styxcanada the Sneak (level 3, -3/18 HPs)
             Began as a Spriggan Brigand on Nov 3, 2021.
             Killed by nerve-wracking pain
             ... invoked by Jessica
              (13 damage)
             ... on level 2 of the Dungeon.
             The game lasted 00:06:17 (1844 turns).

styxcanada the Sneak (Spriggan Brigand)             Turns: 1844, Time: 00:06:18

Health: -3/18      AC: 11    Str:  7    XL:     3   Next: 53%
Magic:  4/4        EV: 17    Int: 12    God:
Gold:   74         SH:  0    Dex: 17    Spells: 2/2 levels left

rFire    . . .     SeeInvis +   l - +3 dagger (protect)
rCold    . . .     Faith    .   (shield restricted)
rNeg     . . .     Spirit   .   b - +0 robe
rPois    .         Reflect  .   (helmet restricted)
rElec    .         Harm     .   c - +1 cloak
rCorr    .         Rampage  .   (gloves unavailable)
Will     .....                  (boots unavailable)
Stlth    ++++......             (no amulet)
HPRegen  0.06/turn              (no ring)
MPRegen  0.09/turn              (no ring)

@: under a protective aura, very quick
A: very small, no large weapons, unfitting armour, see invisible, speed 3
a: no special abilities


You were on level 2 of the Dungeon.
You visited 1 branch of the dungeon, and saw 2 of its levels.

You collected 74 gold pieces.

Inventory:

Hand Weapons
 a - a +2 dagger
 l - a +3 dagger of protection (weapon)
 m - a +0 hunting sling
Missiles
 d - 27 poisoned darts (quivered)
 e - 2 curare-tipped darts
 k - 41 stones
Armour
 b - a +0 robe (worn)
 c - a +1 cloak (worn)
Scrolls
 f - a scroll of enchant armour
Potions
 j - a potion of curing


   Skills:
 * Level 1.6 Fighting
 + Level 2.3 Short Blades
 + Level 2.4 Throwing
 * Level 2.3 Dodging
 * Level 7.1 Stealth


You had 2 spell levels left.
You didn't know any spells.
Your spell library was empty.

Dungeon Overview and Level Annotations

Branches:
Dungeon (2/15)

Altars:
Fedhas

Annotations:
D:2 Jessica


Innate Abilities, Weirdness & Mutations

You are very small and have problems with some larger weapons.
You are too small for most types of armour.
You have supernaturally acute eyesight. (SInv)
You cover ground extremely quickly. (Speed+++)


Message History

Your +3 dagger projects an invisible shield of force!
l - a +3 dagger of protection (weapon)
As you read the scroll labelled FAGHOI PU ETZ, it crumbles to dust.
A profound silence engulfs you.
It was a scroll of silence.
You start waiting.
Your hearing returns.
You feel your willpower return.
Found a potion of attraction.
Your library has no spells.
A ball python comes into view.
Found a stone staircase leading up.
The ball python completely misses you. The ball python grabs you.
The ball python constricts you.
You closely miss the ball python. The ball python closely misses you.
The ball python constricts you.
You hit the ball python.
Your weapon exudes an aura of protection.
You kill the ball python!
You see here a ball python corpse.
You see here a potion of attraction.
You start resting.
HP restored.
Found a crooked runed staff.
You see here a staff of poison.
Found a stone staircase leading down.
A kobold and Jessica come into view.
Jessica is wielding a +0 club and carrying a wand of polymorph (10).
Found a hand axe.
A kobold comes into view. It is wielding a +0 whip.
Jessica shouts!
The kobold shouts!
Jessica casts a spell at you. Pain shoots through your body!
Ouch! That really hurt!
The kobold closely misses you.
You hit Jessica.
Your weapon exudes an aura of protection.
Jessica is lightly wounded.
Jessica gestures at you while chanting. Pain shoots through your body!
Ouch! That really hurt!
You die...

...#..#.# ####..#|#
#.....#.###########
#.#...............######
...............>........
.#.<#...................
....#.######............
..#.#.........K...).....
..#.##########..@@......
..... ...........K.....
.##.## #######..........
.. . #..........
...###### ###########
........# ........#
._......# ........#


You could see Jessica and 2 kobolds.

Vanquished Creatures
  An adder (D:2)
  2 dart slugs (D:1)
  3 bats
  3 endoplasms (D:1)
  3 giant cockroaches
  3 goblins (D:2)
  6 hobgoblins
  3 quokkas
  5 ball pythons
  3 kobolds (D:1)
32 creatures vanquished.

Notes
Turn   | Place    | Note
-------+----------+-------------------------------------------
     0 | D:1      | styxcanada the Spriggan Brigand began the quest for the
                  | Orb.
     0 | D:1      | Reached XP level 1. HP: 10/10 MP: 2/2
    15 | D:1      | Found a faded altar of an unknown god.
    21 | D:1      | Reached skill level 6 in Stealth
   132 | D:1      | Reached XP level 2. HP: 13/14 MP: 3/3
  1069 | D:2      | Reached skill level 7 in Stealth
  1069 | D:2      | Reached XP level 3. HP: 18/18 MP: 4/4
  1519 | D:2      | Found a blossoming altar of Fedhas.
  1837 | D:2      | Noticed Jessica
  1844 | D:2      | Killed from afar by Jessica

Illustrated notes

Levels and vault maps discovered:
D:1:      psy_arrival_statuary, layout_rooms,
          dreamdust_ecumenical_altar_statues, serial_bayou, serial_bayou_pond_a,
          serial_bayou_pond_b, serial_bayou_pond_e, serial_bayou_pond_a,
          serial_bayou_pond_c
D:2:      minmay_diamond_boxcup, layout_basic, basic_altar, uniq_jessica

Skill      XL: |  1  2 |
---------------+-------+-----
Stealth        | 6 7 |  7.1
Dodging        | 2 |  2.3
Fighting       | |  1.6
Short Blades   | |  2.3
Throwing       | |  2.4

Action                   || total
-------------------------++-------
Melee: Dagger            ||    83
Throw: Dart              ||    26
  Use: Scroll            ||     7
 Stab: Sleeping          ||    10
Armor: Robe              ||     7
Dodge: Dodged            ||    61
